 Dungeon Crawl Stone Soup version 0.31-a0-360-gb3e1d13bf4 (webtiles) character file.

Game seed: 13282157505188719627

55 hashsling the Cudgeller (level 3, -1/23 HPs)
             Began as a Gargoyle Fighter on July 26, 2023.
             Slain by a quokka (4 damage)
             ... on level 2 of the Dungeon.
             The game lasted 00:02:57 (893 turns).

hashsling the Cudgeller (Gargoyle Fighter)           Turns: 893, Time: 00:02:58

Health: -1/23      AC: 12    Str: 21    XL:     3   Next: 93%
Magic:  3/3        EV:  7    Int:  8    God:
Gold:   49         SH:  4    Dex:  9    Spells: 2/2 levels left

rFire   . . .        a - +0 flail
rCold   . . .        c - +0 buckler
rNeg    + . .        j - +0 chain mail
rPois   ∞            (no helmet)
rElec   +            (no cloak)
rCorr   .            (no gloves)
SInv    .            (no boots)
Will    .....        (no amulet) Stlth
                     (no ring)
HPRegen 0.23/turn    (no ring)
MPRegen 0.08/turn

%: no passive effects
@: mighty
A: sickness immunity, AC +3, negative energy resistance 1, electricity
resistance, torment resistance 1, petrification resistance
a: no special abilities


You were on level 2 of the Dungeon.
You visited 1 branch of the dungeon, and saw 2 of its levels.

You collected 49 gold pieces.

Inventory:

Hand Weapons
 a - a +0 flail (weapon)
Armour
 b - a +0 scale mail
 c - a +0 buckler (worn)
 j - a +0 chain mail (worn)
Scrolls
 f - a scroll of identify {unknown}
 g - a scroll of enchant weapon {unknown}
 h - a scroll of brand weapon {unknown}
 k - a scroll of blinking {unknown}
Potions
 e - a potion of enlightenment {unknown}
 i - a potion of berserk rage {unknown}
 l - a potion of brilliance {unknown}


   Skills:
 - Level 3.2 Fighting
 * Level 3.8 Maces & Flails
 * Level 3.7 Armour
 - Level 3.2 Shields


You had 2 spell levels left.
You didn't know any spells.
Your spell library contained the following spells:

 Spells                   Type           Power      Damage    Failure   Level
 Portal Projectile        Hex/Tloc       0%         N/A       100%        3
 Tukima's Dance           Hex            0%         N/A       100%        3
 Iskenderun's Mystic Bla  Conj/Tloc      0%         2d3       100%        4


Dungeon Overview and Level Annotations

Branches:
Dungeon (2/15)

Altars:

Annotations:
D:2 Terence


Innate Abilities, Weirdness & Mutations

You are immune to sickness and miasma.
Your stone body is resilient. (AC +3)
You are immune to poison.
You resist negative energy. (rN+)
You are resistant to electric shocks. (rElec)
You are resistant to unholy torment.
You are immune to petrification.


Message History

Terence says, "Did you write a will?
You should..."
The rat bites you. The kobold hits you but does no damage.
You hit the kobold.
The kobold is severely wounded.
The quokka bites you but does no damage.
Terence says, "Rest in peace."
The rat barely misses you. The kobold hits you with a +0 dagger.
You block the quokka's attack.
You thump the kobold!
You kill the kobold!
The rat bites you but does no damage. The quokka barely misses you.
The quokka bites you but does no damage.
You closely miss the quokka. The rat completely misses you.
The quokka barely misses you.
The quokka bites you but does no damage.
The rat barely misses you.
A frilled lizard comes into view.
The quokka barely misses you. The quokka bites you.
* * * LOW HITPOINT WARNING * * *
You feel very mighty all of a sudden.
The frilled lizard hisses angrily.
The quokka bites you but does no damage.
The rat bites you but does no damage.
The quokka bites you but does no damage.
You sock the quokka!
You kill the quokka!
The dart slug launches a dart at you.
The slug dart hits you but does no damage.
The quokka bites you but does no damage.
The rat bites you but does no damage. The dart slug launches a dart at you.
The slug dart hits you.
* * * LOW HITPOINT WARNING * * *
Things that are here:
a +0 dagger; 4 stones; a kobold corpse You sock the dart slug!
You kill the dart slug!
The quokka bites you but does no damage.
The quokka bites you.
You die...

# ##...
..#.###
.....# ..#.#
. ...# .. ##
#l.# ...
##... #.†#
...+ ..#.8..
#@#
...###..#.!.
##r# ...##l8
##lr#
#[.##.##.@##
#..##...##
##.....##
#......#
#.###.##...#
#
#.>.......##


You could see Terence, a quokka, 2 frilled lizards and a rat.

Vanquished Creatures
  An iguana (D:2)
  2 dart slugs
  A ball python (D:1)
  3 endoplasms (D:1)
  2 giant cockroaches (D:1)
  A goblin (D:1)
  4 hobgoblins (D:1)
  2 jackals (D:1)
  A kobold (D:2)
  A quokka (D:2)
  3 bats (D:1)
  4 frilled lizards (D:1)
  A rat (D:1)
26 creatures vanquished.

Notes
Turn   | Place    | Note
-------+----------+-------------------------------------------
     0 | D:1      | hashsling the Gargoyle Fighter began the quest for the Orb.
     0 | D:1      | Reached XP level 1. HP: 14/14 MP: 1/1
    60 | D:1      | Reached XP level 2. HP: 12/19 MP: 2/2
   480 | D:1      | Reached XP level 3. HP: 21/23 MP: 3/3
   806 | D:2      | Noticed Terence
   893 | D:2      | Slain by a quokka

Illustrated notes

Levels and vault maps discovered:
D:1:      matt_arrival_los_fun, layout_rooms, st_stairs_12
D:2:      kennysheep_the_goblin_king, layout_loops_corners, serial_shops,
          nicolae_shop_overgrown_old_shop,
          shapermc_ecumenical_altar_starsandcircs, hangedman_decor_points,
          minmay_heptomino_w4, uniq_terence

Skill      XL: |  1  2 |
---------------+-------+-----
Maces & Flails | 3 |  3.8
Fighting       | |  3.2
Armour         | |  3.7
Shields        | |  3.2

Action                     || total
---------------------------++-------
  Melee: Flail             ||   105
    Use: Potion            ||     1
 Armour: Scale mail        ||    47
         Chain mail        ||    47
  Dodge: Dodged            ||    75
  Block: Buckler           ||    29

Table legend: (Time is in decaauts)
 A = Elapsed time spent in this place.
 B = Non-inter-level travel time spent in this place.
 C = Inter-level travel time spent in this place.
 D = Time resting spent in this place.
 E = Time spent auto-exploring this place.
 F = Levels seen in this place.
 G = Mean time per level.
                   A        B        C        D        E       F      G
               +--------+--------+--------+--------+--------+-----+--------+
         Total |    911 |    884 |     27 |      0 |    587 |   2 |  455.5 |
       Dungeon |    911 |    884 |     27 |      0 |    587 |   2 |  455.5 |
               +--------+--------+--------+--------+--------+-----+--------+

Top non-repeatable levels by time:
     D:1: 746 daAuts
     D:2: 165 daAuts
